cohdb
Replays
Latest Replays
All Replays
Popular Replays
Top Player Replays
Match Explorer
How It Works
Community
CoH3 Stats
Reddit
Sign in to upload your games and track your stats! →
Sign in with Steam
Reakly vs Havoc
Match 19463736
Overview
Messages
Build Orders
End
Panzerpioneer Squad
Selects Italian Infantry
Panzerpioneer Squad
250 Light Carrier
Construct Light Support Kompanie
MG34 Team
Selects Guastatori Squad
Selects L6/40 Light Tank Combat Group
L6/40 Light Tank Combat Group
Panzerjäger Mechanized Group
Panzerjäger Squad
Construct Mechanized Kompanie
Support Armor Elements
Selects Sound the Alarm
StuG III D Assault Gun
Marder III Tank Destroyer
Selects Prepared Positions
2.5-tonne Medical Truck
Reakly
Havoc
0
0
Comments
sign in to comment!
No comments posted yet!